 Dungeon Crawl Stone Soup version 0.30-a0-341-g682706514a (webtiles) character file.

Game seed: 6703395684920444522

366 night the Magician (level 7, 0/53 HPs)
             Began as a Djinni Conjurer on Nov 4, 2022.
             Slain by a lemure (3 damage)
             ... led by Pikel
             ... on level 3 of the Dungeon.
             The game lasted 00:07:07 (2660 turns).

night the Magician (Djinni Conjurer)                Turns: 2660, Time: 00:07:07

Health: 0/53       AC:  3    Str:  6    XL:     7   Next: 0%
Gold:   144        EV: 12    Int: 21    God:
                   SH:  0    Dex: 12

rFire   + + .      SeeInvis .    v - +0 short sword
rCold   x . .      Faith    .    (no shield)
rNeg    . . .      Spirit   .    a - +0 robe
rPois   ∞          Reflect  .    (no helmet)
rElec   .          Harm     .    j - +0 cloak
rCorr   .          Rampage  .    (no gloves)
Will    .....                    (boots unavailable)
Stlth   ++........               (no amulet)
HPRegen 0.28/turn                (no ring)
MPRegen 0.00/turn                (no ring)

@: flying
A: sickness immunity, fire resistance 2, cold vulnerability 1, float, innate
caster, HP casting, extra vitality 1
a: no special abilities


You were on level 3 of the Dungeon.
You visited 1 branch of the dungeon, and saw 4 of its levels.

You collected 144 gold pieces.

Inventory:

Hand Weapons
 v - a +0 short sword (weapon)
Missiles
 e - 24 stones
 f - 2 throwing nets
 m - 12 poisoned darts
 y - 4 boomerangs
Armour
 a - a +0 robe (worn)
 j - a +0 cloak (worn)
Wands
 k - a wand of polymorph (5)
 z - a wand of flame (12)
Scrolls
 c - 2 scrolls of torment
 d - 2 scrolls of immolation {unknown}
 h - a scroll of enchant weapon
 i - a scroll of blinking {unknown}
 p - 2 scrolls of identify {unknown}
 r - a scroll of enchant armour {unknown}
 s - a scroll of vulnerability {unknown}
 u - a scroll of poison {unknown}
 x - a scroll of fear {unknown}
 A - a scroll of teleportation
Potions
 b - a potion of attraction {unknown}
 g - 4 potions of ambrosia {unknown}
 l - 2 potions of berserk rage {unknown}
 n - a potion of magic {unknown}
 o - 2 potions of heal wounds {unknown}
 q - 2 potions of brilliance {unknown}
 t - a potion of curing {unknown}
 w - a potion of lignification {unknown}


   Skills:
 + Level 4.4 Fighting
 - Level 2.1 Dodging
 - Level 1.5 Stealth
 + Level 4.8 Spellcasting


You couldn't memorise any spells.
You knew the following spells:

 Your Spells              Type           Power      Damage    Failure   Level
a - Magic Dart            Conj           100%       1d8       1%          1
b - Searing Ray           Conj           50%        2d6       2%          2
c - Dazzling Flash        Conj/Hex       50%        N/A       4%          3
d - Fulminant Prism       Conj/Hex       12%        3d9       14%         4
e - Iskenderun's Mystic   Conj/Tloc      25%        2d7       14%         4
f - Slow                  Hex            100%       N/A       1%          1
g - Passwall              Tmut/Erth      20%        N/A       2%          2
h - Inner Flame           Hex/Fire       25%        N/A       4%          3
Your spell library was empty.

Dungeon Overview and Level Annotations

Branches:
Dungeon (4/15)
 Temple: D:4-7

Altars:
Ru

Shops:
D:2 =:   D:3 *


Innate Abilities, Weirdness & Mutations

You are immune to sickness and miasma.
You are immune to poison.
Your flesh is very heat resistant. (rF++)
You are vulnerable to cold. (rC-)
You float through the air rather than walking.
You learn spells naturally, not from books.
Your magical power is your life essence.
You have superior vitality. (+4 MHP)


Message History

The searing ray hits the orc!
You kill the orc! (Press . to maintain the ray.)
You have reached level 7!
The power to cast Inner Flame wells up from within.
Spell assigned to 'h'.
Casting: Searing Ray (safe; 2% risk of failure)
Confirm with . or Enter, or press ? or * to list all spells.
Okay, then.
Casting: Searing Ray (safe; 2% risk of failure)
Confirm with . or Enter, or press ? or * to list all spells.
Restarting spell: Searing Ray (safe; 2% risk of failure)
Press: ? - help, Shift-Dir - straight line, f - lemure
Aim: a lemure (lightly wounded, 74% to hit)
The searing ray hits the lemure!
The lemure is heavily wounded. (Press . to maintain the ray.)
The lemure hits you.
The searing ray misses the lemure.
The lemure hits you.
The searing ray hits the lemure.
The lemure is severely wounded.
The lemure hits you!
* * * LOW HITPOINT WARNING * * *
The searing ray hits the lemure.
The lemure is almost dead.
* * * LOW HITPOINT WARNING * * *
You finish channelling your searing ray.
The lemure hits you.
* * * LOW HITPOINT WARNING * * *
Casting: Searing Ray (safe; 2% risk of failure)
Confirm with . or Enter, or press ? or * to list all spells.
Aiming: Searing Ray (safe; 2% risk of failure)
Press: ? - help, Shift-Dir - straight line, f/p - lemure
Aim: a lemure (almost dead, 74% to hit)
The searing ray hits the lemure.
The lemure is almost dead. (Press . to maintain the ray.)
* * * LOW HITPOINT WARNING * * *
The lemure hits you.
You die...

.## ##.## ##...##.#######
..###.## ###.##......#P ##....#
#.........## ..###.# #........###
<.....# #........#PP #.##..#
#######........#P. #.##..#
####.........>....#P.
#.##..#######.................#PP
#.##..........##@##...........#..
......#######.##5##.##.#####.####
#.##.##### ##.##[##.##.# #.#
.........###...#)##....# #.#
.......#.......>.##.)### #.#
..##.............##..# #.#
..##.#.####...[..##..# #.#
..##.#.# ##.[<#.##.)#######.#
.÷##.#.# ##.##....<.)......#


You could see a lemure.

Vanquished Creatures
  An orc warrior (D:3)
  Ijyb (D:3)
  Natasha (thrice) (D:3)
  2 orc wizards
  4 adders
  A worm (D:3)
  12 orcs
  5 ball pythons
  2 bats
  7 endoplasms
  2 giant cockroaches
  4 goblins (D:1)
  5 hobgoblins
  6 jackals
  A quokka (D:3)
  A frilled lizard (D:1)
  7 kobolds
  6 rats
70 creatures vanquished.

Vanquished Creatures (others)
  3 fulminant prisms (D:4)
3 creatures vanquished.

Grand Total: 73 creatures vanquished

Notes
Turn   | Place    | Note
-------+----------+-------------------------------------------
     0 | D:1      | night the Djinni Conjurer began the quest for the Orb.
     0 | D:1      | night set off with the following spells memorised: Magic
                  | Dart, Searing Ray, Dazzling Flash, Fulminant Prism,
                  | Iskenderun's Mystic Blast.
     0 | D:1      | Reached XP level 1. HP: 15/15 MP: 0/0
    62 | D:1      | Reached XP level 2. HP: 21/22 MP: 0/0
    77 | D:1      | Reached skill level 1 in Fighting
   405 | D:1      | Reached XP level 3. HP: 26/27 MP: 0/0
   405 | D:1      | Learned a level 1 spell: Slow
   615 | D:2      | Found Eracum's Jewellery Shoppe.
   818 | D:2      | Found Pydgh's Book Shop.
  1013 | D:3      | Noticed Natasha
  1024 | D:2      | Reached skill level 2 in Fighting
  1086 | D:3      | Reached XP level 4. HP: 27/33 MP: 0/0
  1090 | D:3      | Killed Natasha
  1284 | D:3      | Found Udwodout's Assorted Antiques.
  1424 | D:3      | Noticed Natasha
  1437 | D:3      | Killed Natasha
  1438 | D:3      | Reached XP level 5. HP: 15/40 MP: 0/0
  1438 | D:3      | Learned a level 2 spell: Passwall
  1725 | D:3      | Noticed Natasha
  1729 | D:3      | Killed Natasha
  1849 | D:3      | Found a sacrificial altar of Ru.
  1891 | D:3      | Reached XP level 6. HP: 42/46 MP: 0/0
  2179 | D:4      | Noticed an orc warrior
  2192 | D:4      | HP: 5/47 [orc warrior/+0 long sword (4)]
  2200 | D:4      | HP: 2/47 [constriction (1)]
  2205 | D:4      | HP: 1/47 [ball python (1)]
  2220 | D:4      | Noticed Ijyb
  2395 | D:3      | Killed an orc warrior
  2404 | D:3      | HP: 6/48 [Ijyb/+0 club (3)]
  2408 | D:3      | HP: 1/48 [Ijyb/+0 club (6)]
  2586 | D:3      | Killed Ijyb
  2656 | D:3      | Reached XP level 7. HP: 27/53 MP: 0/0
  2656 | D:3      | Learned a level 3 spell: Inner Flame
  2659 | D:3      | HP: 5/53 [lemure[Pikel] (4)]
  2660 | D:3      | Slain by a lemure

Illustrated notes

Levels and vault maps discovered:
D:1:      spicycebolla_arrival_clurvy, layout_rooms, serial_forest,
          infiniplex_forest_lined_3, infiniplex_forest_lined_4_way,
          infiniplex_forest_zigzag_1, infiniplex_forest_lined_1,
          infiniplex_forest_lined_4_way, minmay_tall_x
D:2:      layout_basic, serial_shops, shop, nicolae_shop_trees
D:3:      layout_loops_ring, nicolae_ru_the_path_less_chosen, serial_shops,
          shop, uniq_natasha
D:4:      layout_basic, serial_shops, nicolae_shop_stone, uniq_sigmund,
          uniq_ijyb, uniq_pikel

Skill      XL: |  1  2  3  4  5  6 |
---------------+-------------------+-----
Fighting       | 1 2 3 4 |  4.4
Spellcasting   | 4 |  4.8
Dodging        | |  2.1
Stealth        | |  1.5

Action                   |  1- 3 |  4- 6 |  7- 9 || total
-------------------------+-------+-------+-------++-------
Melee: Unarmed           |       |    13 |       ||    13
       Short sword       |       |     3 |       ||     3
 Cast: Magic Dart        |    65 |    58 |       ||   123
       Searing Ray       |     1 |    10 |     2 ||    13
       Fulminant Prism   |       |     3 |       ||     3
       Iskenderun's Myst |       |     2 |       ||     2
       Dazzling Flash    |       |     1 |       ||     1
Evoke: Wand              |       |     1 |       ||     1
  Use: Scroll            |       |     5 |       ||     5
Armor: Robe              |     2 |     6 |       ||     8
Dodge: Dodged            |     7 |    29 |       ||    36

Table legend: (Time is in decaauts)
 A = Elapsed time spent in this place.
 B = Non-inter-level travel time spent in this place.
 C = Inter-level travel time spent in this place.
 D = Time resting spent in this place.
 E = Time spent auto-exploring this place.
 F = Levels seen in this place.
 G = Mean time per level.
                   A        B        C        D        E       F      G
               +--------+--------+--------+--------+--------+-----+--------+
         Total |   2664 |   2543 |    121 |    625 |   1503 |   4 |  666.0 |
       Dungeon |   2664 |   2543 |    121 |    625 |   1503 |   4 |  666.0 |
               +--------+--------+--------+--------+--------+-----+--------+

Top non-repeatable levels by time:
     D:3: 1306 daAuts
     D:2: 720 daAuts
     D:1: 512 daAuts
     D:4: 125 daAuts
